 Dungeon Crawl Stone Soup version 0.21.1-1-g345015f (webtiles) character file.

37 Swet the Magician (level 3, 0/21 HPs)
             Began as an Octopode Wizard on July 19, 2018.
             Slain by a gnoll
             ... wielding a +0 antimagic spear
              (7 damage)
             ... on level 2 of the Dungeon.
             The game lasted 00:07:43 (1345 turns).

Swet the Magician (Octopode Wizard)                 Turns: 1345, Time: 00:07:43

Health: 0/21       AC:  1    Str:  6    XL:     3   Next: 39%
Magic:  3/7        EV: 13    Int: 21    God:
Gold:   79         SH:  0    Dex: 10    Spells: 7/8 levels left

rFire    . . .     SeeInvis .   d - -3 flail (curse)
rCold    . . .     Gourm    .   (no shield)
rNeg     . . .     Faith    .   a - +0 hat
rPois    .         Spirit   .   (no amulet)
rElec    .         Reflect  .   (no ring)
rCorr    .         Harm     .   (no ring)
MR       .....                  (no ring)
Stlth    +++.......             (no ring)
HPRegen  0.07/turn              (no ring)
MPRegen  0.10/turn              (no ring)
                                (no ring)
                                (no ring)

@: no status effects
A: almost no armour, stealthy swim, amphibious, 8 rings, constrict 8, camouflage
1, gelatinous body 1
a: no special abilities


You were on level 2 of the Dungeon.
You were not hungry.

You visited 1 branch of the dungeon, and saw 2 of its levels.

You collected 79 gold pieces.

Inventory:

Hand Weapons
 d - a cursed -3 flail (weapon)
Armour
 a - a +0 hat (worn)
Scrolls
 f - 2 scrolls of identify
 l - a scroll of immolation {unknown}
Potions
 e - a potion of haste {unknown}
 g - a potion of curing
 h - a potion of might {unknown}
 i - a potion of invisibility {unknown}
 k - a potion of agility {unknown}
Books
 b - a book of Minor Magic

   Spells                             Type                      Level
   a - Magic Dart                     Conjuration                  1
   b - Blink                          Translocation                2
   c - Call Imp                       Summoning                    2
   d - Slow                           Hexes                        2
   e - Conjure Flame                  Conjuration/Fire             3
   f - Mephitic Cloud                 Conjuration/Poison/Air       3
Comestibles
 c - 6 rations
 j - a chunk of flesh


   Skills:
 - Level 2.0 Dodging
 - Level 2.6 Stealth
 + Level 3.4 Spellcasting
 * Level 2.6 Conjurations
   Level 1.0 Summonings
   Level 1.0 Translocations


You had 7 spell levels left.
You knew the following spells:

 Your Spells              Type           Power        Failure   Level  Hunger
a - Magic Dart            Conj           ##..         4%          1    None


Dungeon Overview and Level Annotations

Branches:
Dungeon (2/15)

Altars:


Innate Abilities, Weirdness & Mutations

You cannot wear most types of armour.
You are very stealthy in the water. (Stealth+)
You are amphibious.
You can wear up to eight rings at the same time.
You can use your tentacles to constrict eight enemies at once.
Your skin changes colour to match your surroundings (Stealth+).
Your rubbery body absorbs attacks. (AC +1, EV +1)


Message History

The throwing net closely misses you. The ball python skeleton bites you.
The ball python skeleton barely misses you.
The gnoll barely misses you.
You hit the ball python skeleton but do no damage.
The ball python skeleton is almost destroyed.
You constrict the ball python skeleton.
You destroy the ball python skeleton!
The gnoll barely misses you.
The gnoll hits you from afar with an antimagic spear.
You feel your power leaking away. The gnoll closely misses you.
You hit the gnoll. Your grab misses the gnoll.
The gnoll is lightly wounded.
The gnoll hits you with a club. The gnoll hits you but does no damage.
The gnoll barely misses you.
You hit the gnoll but do no damage. You grab the gnoll.
The gnoll is lightly wounded.
You constrict the gnoll, but do no damage.
The gnoll hits you from afar with an antimagic spear!
You die...

..........# #..############
.≈≈≈ ######(#####.## .≈≈≈ #.<†#
#..# .≈.≈≈ #.######.## ...≈≈
...####...# ####...≈≈
#.####....### #....≈.≈≈ #
#.##### #.†..≈≈≈≈
####.....#############..).≈≈..
#.....##.....@gg..............
#..###[################)..#####
#.. #.# #(..# ... #.# ##.## ##
#.# #.# #.# ..# #.# ### ..# #.#


You could see 2 gnolls.

Vanquished Creatures
  A gnoll (D:1)
  A leopard gecko (D:1)
  2 giant cockroaches (D:2)
  5 goblins
  2 hobgoblins (D:1)
  4 kobolds
  A ball python (D:1)
  A ball python skeleton (D:2)
  4 bats
  A frilled lizard (D:1)
  3 rats
25 creatures vanquished.

Notes
Turn   | Place    | Note
-------+----------+-------------------------------------------
     0 | D:1      | Swet the Octopode Wizard began the quest for the Orb.
     0 | D:1      | Reached XP level 1. HP: 11/11 MP: 4/4
   156 | D:1      | Reached XP level 2. HP: 17/17 MP: 0/6
   878 | D:1      | Reached XP level 3. HP: 21/21 MP: 4/7
  1345 | D:2      | Slain by a gnoll

Skill      XL: |  1 |
---------------+----+-----
Conjurations   | 2 |  2.6
Dodging        | |  2.0
Stealth        | |  2.6
Spellcasting   | |  3.4
Summonings     | |  1.0
Translocations | |  1.0

Action                   || total
-------------------------++-------
Melee: Unarmed           ||     7
       Tentacles         ||     7
       Constrict         ||     9
       Flail             ||    23
 Cast: Magic Dart        ||    33
  Use: Scroll            ||     2
  Eat: Chunk             ||     1
Armor: Skin              ||     5
Dodge: Dodged            ||    27
